 Dungeon Crawl Stone Soup version 0.25.1-2-g60ff931df9 (webtiles) character file.

Game seed: 5374576908713004688

256 hawla the Chopper (level 5, -3/48 HPs)
             Began as a Minotaur Berserker on Oct 18, 2020.
             Was a Believer of Trog.
             Slain by Natasha (7 damage)
             ... on level 2 of the Dungeon.
             The game lasted 00:03:08 (2017 turns).

hawla the Chopper (Minotaur Berserker)              Turns: 2017, Time: 00:03:09

Health: -3/48      AC:  5    Str: 22    XL:     5   Next: 92%
Magic:  4/4        EV: 13    Int:  4    God:    Trog [**....]
Gold:   30         SH:  0    Dex: 12    Spells: 4/4 levels left

rFire    + . .     SeeInvis .   a - +0 hand axe
rCold    + . .     Gourm    .   (no shield)
rNeg     . . .     Faith    .   b - +0 animal skin
rPois    +         Spirit   .   (helmet restricted)
rElec    +         Reflect  .   (no cloak)
rCorr    +         Harm     .   (no gloves)
MR       .....                  (no boots)
Stlth    +.........             (no amulet)
HPRegen  0.16/turn              (no ring)
MPRegen  0.09/turn              (no ring)

@: resistant
A: retaliatory headbutt, horns 2, slimy green scales 1, agile 1, shaggy fur 1
a: Berserk, Trog's Hand, Renounce Religion


You were on level 2 of the Dungeon.
You worshipped Trog.
Trog was pleased with you.
You were hungry.

You visited 1 branch of the dungeon, and saw 2 of its levels.

You collected 30 gold pieces.

Inventory:

Hand Weapons
 a - a +0 hand axe (weapon)
Missiles
 j - 28 poisoned darts (quivered)
Armour
 b - a +0 animal skin (worn)
 d - a +0 ring mail
 e - a +0 leather armour
Scrolls
 f - a scroll of magic mapping
 i - 3 scrolls of identify {unknown}
 k - a scroll of remove curse {unknown}
Comestibles
 c - 3 rations
 g - 4 chunks of flesh


   Skills:
 + Level 5.2 Fighting
 + Level 5.8 Axes
 + Level 2.8 Armour
 * Level 3.9 Dodging


You had 4 spell levels left.
You didn't know any spells.
Your spell library was empty.

Dungeon Overview and Level Annotations

Branches:
Dungeon (2/15)

Altars:
Gozag

Annotations:
D:2 1 runed translucent door, Crazy Yiuf, Natasha


Innate Abilities, Weirdness & Mutations

You reflexively headbutt those who attack you in melee.
You have a pair of horns on your head.
You are partially covered in slimy green scales. (AC +2)
You are agile. (Dex +2)
You are covered in fur. (AC +1)


Message History

A magic dart appears from out of thin air!
The magic dart hits you.
You hit something but do no damage. Something claws you.
You miss something. Your headbutt misses something. Something claws you!
You closely miss something. Your headbutt misses something.
Something claws you but does no damage.
You barely miss something. Something claws you.
You slash something! Something claws you.
* * * LOW HITPOINT WARNING * * *
Some of the chunks of flesh in your inventory have rotted away.
It was a potion of resistance.
You feel protected.
You hear some strange, mumbled words.
A magic dart appears from out of thin air!
The magic dart hits you!
* * * LOW HITPOINT WARNING * * *
As you read the scroll labeled OMMOEC PEWNI, it crumbles to dust.
You feel aware of your surroundings.
It was a scroll of magic mapping.
Something claws you!
You die...

#......# #......#.
#......# #.####.#.
#......######.######.
#....).'.............
#......######.######.
####'### #.#....#.
#.# #).....#. ###'##
#......#. #<.@{#
#......#. #....#
#......#. #....#
#.#'##.#. #....#
#.#.##.#.
******###+##
#.#.##.#. *,,,,,,,,,*
#.#.#....
********,*********
#.#.###.#
,,,,,,,,,,,,,,,*
#.#^.....
,*******,*****,*
#.#####.#


There were no monsters in sight!

Vanquished Creatures
  Sigmund (D:2)
  4 adders (D:2)
  An adder skeleton (D:2)
  A worm (D:2)
  3 dart slugs (D:2)
  3 leopard geckos
  3 bats
  A giant cockroach (D:2)
  5 goblins
  7 hobgoblins
  A quokka (D:2)
  7 frilled lizards
  3 kobolds
  9 rats
  A fungus (D:2)
50 creatures vanquished.

Notes
Turn   | Place    | Note
-------+----------+-------------------------------------------
     0 | D:1      | hawla the Minotaur Berserker began the quest for the Orb.
     0 | D:1      | Reached XP level 1. HP: 19/19 MP: 0/0
   320 | D:1      | Reached XP level 2. HP: 22/27 MP: 1/1
   960 | D:2      | Reached XP level 3. HP: 27/33 MP: 2/2
  1014 | D:2      | Noticed Sigmund
  1021 | D:2      | Gained mutation: You are agile. (Dex +2) [potion of
                  | mutation]
  1021 | D:2      | Gained mutation: You are partially covered in slimy green
                  | scales. (AC +2) [potion of mutation]
  1021 | D:2      | Gained mutation: You are covered in fur. (AC +1) [potion of
                  | mutation]
  1028 | D:2      | Killed Sigmund
  1028 | D:2      | Reached ** piety under Trog
  1028 | D:2      | Reached skill level 5 in Fighting
  1028 | D:2      | Reached skill level 5 in Axes
  1028 | D:2      | Reached XP level 4. HP: 21/42 MP: 3/3
  1028 | D:2      | Reached XP level 5. HP: 24/48 MP: 4/4
  1339 | D:2      | Found a runed translucent door.
  1340 | D:2      | Noticed Crazy Yiuf
  1535 | D:2      | Found an opulent altar of Gozag.
  1999 | D:2      | Noticed Natasha
  2017 | D:2      | Slain by Natasha

Illustrated notes

Levels and vault maps discovered:
D:1:      scummos_arrival_simple_crosswalls, layout_loops_ring
D:2:      layout_basic, overflow_temple_1_default, first_ration,
          uniq_crazy_yiuf_cottage, uniq_natasha, uniq_sigmund

Skill      XL: |  1  2  3 |
---------------+----------+-----
Fighting       | 4 5 |  5.2
Axes           | 4 5 |  5.8
Dodging        | 3 |  3.9
Armour         | |  2.8

Action                   |  1- 3 |  4- 6 || total
-------------------------+-------+-------++-------
Melee: Hand axe          |    58 |    80 ||   138
       Headbutt          |     3 |    11 ||    14
  Use: Scroll            |     2 |     1 ||     3
       Potion            |     2 |     1 ||     3
 Stab: Sleeping          |     1 |       ||     1
  Eat: Chunk             |       |     3 ||     3
Armor: Animal skin       |    12 |    17 ||    29
Dodge: Dodged            |    30 |    34 ||    64
